 Dungeon Crawl Stone Soup version 0.31-b1-20-g67cafac56d (webtiles) character file.

Game seed: 4576091156755054681

4372 howech the Cleaver (level 10, -1/88 HPs)
             Began as a Minotaur Berserker on Jan 17, 2024.
             Was an Elder of Trog.
             Slain by a two-headed ogre
             ... wielding a +0 giant spiked club
              (23 damage)
             ... on level 8 of the Dungeon.
             The game lasted 00:23:49 (7451 turns).

howech the Cleaver (Minotaur Berserker)             Turns: 7451, Time: 00:23:50

Health: -1/88      AC: 11    Str: 23    XL:     10   Next: 13%
Magic:  9/9        EV: 10    Int: 11    God:    Trog [****..]
Gold:   295        SH:  0    Dex: 11    Spells: 9/9 levels left

rFire   . . .        J - +5 hand axe
rCold   . . .        (no shield)
rNeg    . . .        w - +0 chain mail
rPois   .            (helmet restricted)
rElec   .            (no cloak)
rCorr   +            z - +0 pair of gloves
SInv    +            (no boots)
Will    .....        (no amulet) Stlth
                     o - ring of resist corrosion
HPRegen 0.34/turn    D - ring of the Hippogriff {Int+5 SInv}
MPRegen 0.11/turn

%: no passive effects
@: no status effects
A: horns 2, retaliatory headbutt
a: Renounce Religion, Berserk, Trog's Hand, Brothers in Arms


You were on level 8 of the Dungeon.
You worshipped Trog.
Trog was greatly pleased with you.
You visited 2 branches of the dungeon, and saw 9 of its levels.

You collected 410 gold pieces.
You spent 115 gold pieces at shops.

Inventory:

Hand Weapons
 a - a +0 hand axe
 A - a +0 war axe
 I - a +1 war axe of freezing
 J - a +5 hand axe (weapon)
 O - a +2 hand axe of draining
Missiles
 B - 4 boomerangs (quivered)
 E - 9 poisoned darts
 L - 6 javelins
Armour
 b - a +0 animal skin
 e - a +0 scale mail
 w - a +0 chain mail (worn)
 z - a +0 pair of gloves (worn)
Jewellery
 o - a ring of resist corrosion (left hand)
 D - the ring of the Hippogriff (right hand) {Int+5 SInv}
   (You bought it in a shop on level 2 of the Dungeon)

   [ring of see invisible]

   Int+5:     It affects your intelligence (+5).
   SInv:      It lets you see invisible.
 N - an amulet of magic regeneration
 R - a ring of see invisible
Wands
 p - a wand of iceblast (9)
 P - a wand of digging (3)
Scrolls
 f - 5 scrolls of teleportation {unknown}
 g - a scroll of fog {unknown}
 k - 6 scrolls of identify {unknown}
 l - 2 scrolls of blinking {unknown}
 m - a scroll of enchant weapon {unknown}
 q - 2 scrolls of amnesia {unknown}
 t - 2 scrolls of poison {unknown}
 y - a scroll of fear {unknown}
 C - a scroll of vulnerability {unknown}
 G - a scroll of noise {unknown}
 H - 2 scrolls of revelation {unknown}
 M - a scroll of immolation {unknown}
 Q - a scroll of silence {unknown}
 S - a scroll of acquirement {unknown}
Potions
 c - 5 potions of invisibility {unknown}
 d - 2 potions of mutation {unknown}
 h - a potion of lignification {unknown}
 i - 2 potions of cancellation {unknown}
 j - 3 potions of curing {unknown}
 n - a potion of degeneration {unknown}
 r - a potion of ambrosia {unknown}
 s - 2 potions of brilliance {unknown}
 u - 3 potions of heal wounds {unknown}
 v - a potion of might {unknown}
 x - a potion of enlightenment {unknown}
 F - a potion of magic {unknown}
 K - a potion of haste {unknown}


   Skills:
 + Level 7.8 Fighting
 * Level 10.0 Axes
 + Level 7.3 Armour
 + Level 6.3 Dodging
 + Level 6.4 Shields
 + Level 4.8 Evocations


You had 9 spell levels left.
You didn't know any spells.
Your spell library was empty.

Dungeon Overview and Level Annotations

Branches:
Dungeon (8/15)             Temple (1/1) D:5
   Lair: D:8-11

Altars:
Ashenzari
Cheibriados
Dithmenos
Elyvilon
Fedhas
Gozag
Hepliaklqana
Kikubaaqudgha
Nemelex Xobeh
Okawaru
Qazlal
Ru
Sif Muna
Trog
Uskayaw
Vehumet
Wu Jian
Zin
The Shining One

Shops:
D:2 *   D:5 *   D:7 (   D:8 :


Innate Abilities, Weirdness & Mutations

You have a pair of horns on your head.
You reflexively headbutt those who attack you in melee.


Message History

Trog accepts your kill. The kobold brigand closely misses you.
You furiously retaliate!
You headbutt the kobold brigand. The kobold hits you but does no damage.
Things that are here:
a +0 dagger; a +0 dagger; a +0 short sword You hit the kobold brigand.
The kobold brigand is moderately wounded.
You hit the kobold.
You kill the kobold!
Trog accepts your kill.
You closely miss the kobold. The kobold brigand barely misses you.
You furiously retaliate!
You headbutt the kobold brigand! The kobold misses you.
You furiously retaliate!
You headbutt the kobold.
You kill the kobold!
Trog accepts your kill.
You hit the two-headed ogre. You headbutt the two-headed ogre.
The two-headed ogre is lightly wounded.
You hit the kobold brigand but do no damage.
The two-headed ogre hits you with a +0 giant spiked club!
The two-headed ogre barely misses you. The kobold brigand closely misses you.
You furiously retaliate!
You headbutt the kobold brigand!
You kill the kobold brigand!
Trog accepts your kill.
You slash the two-headed ogre!
The two-headed ogre is moderately wounded.
Unknown command.
You closely miss the two-headed ogre. You headbutt the two-headed ogre.
The two-headed ogre is heavily wounded.
The two-headed ogre hits you with a +0 giant spiked club!!
The two-headed ogre hits you with a +0 giant club!
Unknown command.
You barely miss the two-headed ogre.
The two-headed ogre is heavily wounded.
Unknown command.
You hit the two-headed ogre. You headbutt the two-headed ogre!
The two-headed ogre is severely wounded.
The two-headed ogre hits you with a +0 giant spiked club!
* * * LOW HITPOINT WARNING * * *
The two-headed ogre hits you with a +0 giant club!!
You die...

#..# . #.#
##.#..........# ..#
###...#...?......#
..###...# #..........#
..##..#####..........#
.......>..#..........#
.#...#....##........#
...##.....# #..$)O.#
####..#)#.# ##@)#
#..##.#.# #..##
###.###.#.#####.##
#.......#.....#.#
....#########.#.#
##.## ####....#######
#.# ...........#...#
#.##. ######...#.....#
#..... #....###....#


You could see a two-headed ogre.

Vanquished Creatures
  Pikel (D:5)
  Jeremiah (D:6)
  Grinder (D:6)
  Sigmund (D:6)
  Eustachio (D:5)
  Menkaure (D:7)
  Edmund (D:6)
  2 water moccasins (D:6)
  A sky beast (D:7)
  An ice beast (D:5)
  2 lemures (D:5)
  2 phantoms
  4 bullfrogs
  Blork the orc (D:5)
  A kobold brigand (D:8)
  2 scorpions
  13 wights
  2 howler monkeys (D:4)
  A bombardier beetle (D:5)
  2 jellies
  9 orc priests
  5 hounds
  Jessica (D:2)
  An iguana (D:6)
  A sleepcap (D:6)
  Terence (D:2)
  8 orc wizards
  10 gnolls
  7 adders
  A white imp (D:8)
  3 dart slugs
  A ribbon worm (D:2)
  33 orcs
  9 ball pythons
  5 endoplasms
  3 giant cockroaches
  5 goblins
  6 hobgoblins
  4 jackals
  18 kobolds
  4 quokkas
  5 bats (D:1)
  6 frilled lizards
  6 rats
193 creatures vanquished.

Vanquished Creatures (others)
  An orc wizard (D:4)
1 creature vanquished.

Grand Total: 194 creatures vanquished

Notes
Turn   | Place    | Note
-------+----------+-------------------------------------------
     0 | D:1      | howech the Minotaur Berserker began the quest for the Orb.
     0 | D:1      | Reached XP level 1. HP: 19/19 MP: 0/0
    52 | D:1      | Reached XP level 2. HP: 18/27 MP: 1/1
    52 | D:1      | Found a faded altar of an unknown god.
   194 | D:1      | Reached skill level 4 in Axes
   300 | D:1      | Reached ** piety under Trog
   304 | D:1      | Reached XP level 3. HP: 26/33 MP: 2/2
   313 | D:1      | Reached skill level 1 in Shields
   793 | D:2      | Noticed Jessica
   808 | D:2      | Killed Jessica
   809 | D:2      | Reached skill level 1 in Evocations
   809 | D:2      | Reached XP level 4. HP: 27/40 MP: 3/3
   898 | D:2      | Found Fimnatia's Assorted Antiques.
  1180 | D:2      | Noticed Terence
  1191 | D:2      | Killed Terence
  1318 | D:2      | Reached XP level 5. HP: 34/46 MP: 4/4
  1850 | D:3      | Reached *** piety under Trog
  2165 | D:4      | Reached skill level 5 in Axes
  2292 | D:4      | Reached XP level 6. HP: 14/53 MP: 5/5
  3181 | D:2      | Bought a flickering lapis lazuli ring for 115 gold pieces
  3181 | D:2      | Identified the ring of the Hippogriff {Int+5 SInv} (You
                  | bought it in a shop on level 2 of the Dungeon)
  3278 | D:5      | Entered Level 5 of the Dungeon
  3282 | D:5      | Noticed Pikel
  3302 | D:5      | Killed Pikel
  3303 | D:5      | Reached skill level 5 in Fighting
  3303 | D:5      | Reached skill level 6 in Axes
  3303 | D:5      | Reached XP level 7. HP: 26/61 MP: 6/6
  3473 | D:5      | Reached XP level 8. HP: 69/69 MP: 7/7
  3521 | D:5      | Found a staircase to the Ecumenical Temple.
  3536 | Temple   | Entered the Ecumenical Temple
  3567 | D:5      | Reached skill level 7 in Axes
  3567 | D:5      | Reached skill level 5 in Armour
  3635 | D:5      | Noticed Eustachio
  3716 | D:5      | Killed Eustachio
  3895 | D:5      | Found Beafuq Beutz's General Store.
  4096 | D:5      | Noticed Blork the orc
  4106 | D:5      | Killed Blork the orc
  4319 | D:6      | Noticed Jeremiah
  4623 | D:6      | Reached skill level 5 in Dodging
  5066 | D:6      | Killed Jeremiah
  5067 | D:6      | Reached skill level 8 in Axes
  5192 | D:6      | Reached skill level 5 in Shields
  5192 | D:6      | Reached XP level 9. HP: 52/78 MP: 8/8
  5721 | D:6      | Noticed Grinder
  5721 | D:6      | Paralysed by Grinder for 2 turns
  5728 | D:6      | Killed Grinder
  5728 | D:6      | Reached **** piety under Trog
  5763 | D:6      | Reached skill level 9 in Axes
  5842 | D:6      | Noticed Sigmund
  5852 | D:6      | Killed Sigmund
  5871 | D:6      | Noticed Edmund
  5879 | D:6      | Killed Edmund
  6464 | D:7      | Found an iron altar of Okawaru.
  6492 | D:7      | Found a bloodstained altar of Trog.
  6493 | D:7      | Noticed Menkaure
  6505 | D:7      | Killed Menkaure
  6751 | D:7      | Found Ceol's Weapon Boutique.
  7013 | D:8      | Reached XP level 10. HP: 81/88 MP: 9/9
  7303 | D:8      | Reached skill level 10 in Axes
  7355 | D:8      | Found Rixonyin's Tremendous Tomes.
  7440 | D:8      | Noticed a two-headed ogre
  7451 | D:8      | Slain by a two-headed ogre

Illustrated notes

Levels and vault maps discovered:
D:1:      lemuel_arrival_cross, layout_rooms,
          ebering_ecumenical_altar_petrified, chequers_decorated_corner,
          lexackson_kobold_supper
D:2:      layout_loops_ring, serial_shops, nicolae_shop_statue_plus,
          uniq_terence, uniq_crazy_yiuf_cottage, uniq_jessica
D:3:      layout_rooms
D:4:      layout_loops_ring
D:5:      layout_basic, minmay_temple_entry_glassed_door, serial_shops, shop,
          uniq_blork_the_orc, uniq_pikel, uniq_eustachio
D:6:      layout_loops_corners, sigmund_edmund_badplayer, uniq_grinder,
          uniq_jeremiah
D:7:      layout_cave_pools, mainiacjoe_overflow_large_starburst, serial_shops,
          nicolae_square_shop, uniq_menkaure
D:8:      layout_rooms, nicolae_shop_i_like_big_books
Temple:   sentei_temple_godly_chess

Skill      XL: |  1  2  3  4  5  6  7  8  9 10 |
---------------+-------------------------------+-----
Axes           | 4 5 6 8 9 10 | 10.0
Armour         | 3 4 6 7 |  7.3
Shields        | 1 2 3 5 6 |  6.4
Fighting       | 4 5 6 7 |  7.8
Evocations     | 1 2 3 4 |  4.8
Dodging        | 3 4 5 6 |  6.3

Action                     |  1- 3 |  4- 6 |  7- 9 | 10-12 || total
---------------------------+-------+-------+-------+-------++-------
  Melee: Hand axe          |    63 |   146 |   234 |    44 ||   487
         Punch             |     1 |       |     1 |     1 ||     3
         Headbutt          |     6 |    17 |    34 |     9 ||    66
         War axe           |       |       |    10 |       ||    10
  Throw: Javelin           |       |       |     6 |       ||     6
         Boomerang         |       |       |     4 |     4 ||     8
 Invoke: Trog's Hand       |       |     2 |     4 |       ||     6
         Berserk           |       |     2 |     4 |       ||     6
 Armour: Animal skin       |     5 |       |       |       ||     5
         Scale mail        |    37 |    67 |       |       ||   104
         Chain mail        |       |    43 |   250 |    29 ||   322
  Dodge: Dodged            |    43 |    88 |   169 |    23 ||   323
